 Dungeon Crawl Stone Soup version 0.29.1-15-g9cfb28693d (webtiles) character file.

Game seed: 6554380101304736650

602 Achh the Trooper (level 7, 0/62 HPs)
             Began as a Minotaur Fighter on Mar 15, 2023.
             Slain by an orc
             ... wielding a +1 trident of protection
              (6 damage)
             ... on level 4 of the Dungeon.
             The game lasted 00:11:24 (3627 turns).

Achh the Trooper (Minotaur Fighter)                 Turns: 3627, Time: 00:11:24

Health: 0/62       AC: 12    Str: 22    XL:     7   Next: 18%
Magic:  6/6        EV:  7    Int:  5    God:
Gold:   172        SH:  5    Dex: 10    Spells: 6/6 levels left

rFire   . . .      SeeInvis +   a - +0 war axe
rCold   . . .      Faith    .   c - +0 buckler
rNeg    . . .      Spirit   .   p - +0 chain mail
rPois   .          Reflect  .   (helmet restricted)
rElec   .          Harm     .   w - +1 cloak {Stlth+}
rCorr   .          Rampage  .   (no gloves)
Will    .....                   (no boots)
Stlth   ..........              (no amulet)
HPRegen 0.20/turn               g - ring of see invisible
MPRegen 0.10/turn               (no ring)

@: mighty, lethally poisoned (0 -> -7)
A: horns 2, retaliatory headbutt
a: no special abilities


You were on level 4 of the Dungeon.
You visited 1 branch of the dungeon, and saw 4 of its levels.

You collected 172 gold pieces.

Inventory:

Hand Weapons
 a - a +0 war axe (weapon)
 z - a +2 sling of freezing
Missiles
 x - 19 poisoned darts (quivered)
 y - 3 atropa-tipped darts
 A - 2 throwing nets
Armour
 b - a +0 scale mail
 c - a +0 buckler (worn)
 p - a +0 chain mail (worn)
 w - a +1 cloak of stealth (worn)
Magical Staves
 u - a staff of cold
Jewellery
 g - a ring of see invisible (left hand)
Scrolls
 e - 2 scrolls of teleportation {unknown}
 f - 5 scrolls of identify {unknown}
 k - a scroll of fear {unknown}
 q - a scroll of brand weapon {unknown}
 t - a scroll of vulnerability {unknown}
Potions
 h - 2 potions of brilliance {unknown}
 i - a potion of degeneration {unknown}
 j - 2 potions of magic {unknown}
 l - 2 potions of lignification {unknown}
 m - a potion of curing {unknown}
 n - 2 potions of heal wounds {unknown}
 o - 2 potions of mutation {unknown}
 r - a potion of haste {unknown}
 s - 2 potions of invisibility {unknown}
 v - a potion of flight {unknown}


   Skills:
 + Level 5.9 Fighting
 + Level 5.1 Axes
 + Level 5.9 Armour
 + Level 5.9 Shields


You had 6 spell levels left.
You didn't know any spells.
Your spell library contained the following spells:

 Spells                   Type           Power      Damage    Failure   Level
 Sandblast                Erth           0%         2d4       99%         1
 Passwall                 Tmut/Erth      0%         N/A       100%        2
 Stone Arrow              Conj/Erth      0%         3d7       100%        3


Dungeon Overview and Level Annotations

Branches:
Dungeon (4/15)
 Temple: D:4-7

Altars:


Innate Abilities, Weirdness & Mutations

You have a pair of horns on your head.
You reflexively headbutt those who attack you in melee.


Message History

You kill the orc!
The orc wizard hits you with a +0 dagger.
You completely miss the orc wizard.
You headbutt the orc wizard, but do no damage.
The orc wizard is lightly wounded.
You slash the orc priest!
The orc priest is severely wounded.
You hit the orc wizard but do no damage.
You block the orc wizard's attack.
The orc priest hits you but does no damage.
You hit the orc wizard but do no damage.
You headbutt the orc wizard, but do no damage.
The orc wizard is moderately wounded.
You closely miss the orc priest.
The orc wizard hits you but does no damage.
The orc priest invokes the aid of Beogh against you.
Beogh smites you!
* * * LOW HITPOINT WARNING * * *
You slash the orc wizard!
You kill the orc wizard!
You hit the orc priest. You block the orc priest's attack.
The orc priest calls down the wrath of Beogh upon you.
Beogh smites you!
* * * LOW HITPOINT WARNING * * *
You hit the orc priest but do no damage.
Your headbutt misses the orc priest.
The orc priest is almost dead.
The orc priest looks braver for a moment.
You slash the orc priest!
You kill the orc priest!
You feel very mighty all of a sudden. The gnoll hits you but does no damage.
You are lethally poisoned!
The orc hits you but does no damage.
You slash the gnoll!
You kill the gnoll!
* * * LOW HITPOINT WARNING * * *
You feel very sick.
The orc hits you from afar with a +1 trident of protection.
You die...

......'....'......)....'.#
~≈≈...
......#....#...........#.#
~≈≈...
########################.#
........+.#....))#
o.......#$#......#
.......K#$##'###.#
..go.go.#(#....#.#
######o###....#.#
#.....)@.'...[#'#
###############.. #..


You could see a kobold brigand, a gnoll and 2 orcs.

Vanquished Creatures
  An ogre (D:4)
  A phantom (D:4)
  A necrophage (D:4)
  2 orc priests (D:4)
  Jessica (D:2)
  3 orc wizards
  8 gnolls (D:4)
  3 adders
  3 dart slugs
  20 orcs
  7 bats
  5 endoplasms
  5 giant cockroaches
  19 goblins
  2 hobgoblins
  4 jackals (D:4)
  6 kobolds
  5 quokkas
  12 ball pythons
  2 frilled lizards
  6 rats
  A spectral hobgoblin (D:1)
117 creatures vanquished.

Notes
Turn   | Place    | Note
-------+----------+-------------------------------------------
     0 | D:1      | Achh the Minotaur Fighter began the quest for the Orb.
     0 | D:1      | Reached XP level 1. HP: 19/19 MP: 0/0
   243 | D:1      | Reached XP level 2. HP: 27/27 MP: 1/1
   282 | D:1      | Found a faded altar of an unknown god.
   649 | D:1      | Reached XP level 3. HP: 25/33 MP: 2/2
  1237 | D:2      | Noticed Jessica
  1248 | D:2      | Killed Jessica
  1249 | D:2      | Reached XP level 4. HP: 40/41 MP: 3/3
  2327 | D:3      | Reached XP level 5. HP: 47/47 MP: 4/4
  2804 | D:4      | Noticed a phantom
  2816 | D:4      | Killed a phantom
  2817 | D:4      | Reached skill level 5 in Fighting
  2817 | D:4      | Reached skill level 5 in Armour
  2823 | D:4      | Reached skill level 5 in Shields
  2823 | D:4      | Reached XP level 6. HP: 42/56 MP: 5/5
  3552 | D:4      | Reached XP level 7. HP: 54/62 MP: 6/6
  3612 | D:4      | Reached skill level 5 in Axes
  3627 | D:4      | Slain by an orc

Illustrated notes

Levels and vault maps discovered:
D:1:      dpeg_arrival_round_b, layout_loops_ring,
          dreamdust_ecumenical_altar_drowned_temple, minmay_quantized
D:2:      layout_basic, uniq_jessica
D:3:      minmay_door_path, layout_basic, grunt_ministairs_6, moated_statue
D:4:      lemuel_castle_with_subvaults [lemuel_castle_interior_carwin_1],
          layout_loops_ring, mainiacjoe_overflow_alcove_1, skrybe_limestone_x,
          minmay_ogre_servants

Skill      XL: |  1  2  3  4  5  6  7 |
---------------+----------------------+-----
Armour         | 4 5 |  5.9
Fighting       | 4 5 |  5.9
Shields        | 4 5 |  5.9
Axes           | 3 4 5 |  5.1

Action                   |  1- 3 |  4- 6 |  7- 9 || total
-------------------------+-------+-------+-------++-------
Melee: War axe           |    74 |   147 |    19 ||   240
       Headbutt          |     9 |    22 |     3 ||    34
  Use: Potion            |       |       |     1 ||     1
Armor: Scale mail        |    38 |     6 |       ||    44
       Chain mail        |       |    86 |    12 ||    98
Dodge: Dodged            |    44 |    55 |     8 ||   107
Block: Buckler           |    20 |    42 |     7 ||    69
